 Dungeon Crawl Stone Soup version 0.31-a0-202-g547052bce9 (webtiles) character file.

Game seed: 8522000938935040563

62 ketsa the Grave Robber (level 3, 0/20 HPs)
             Began as a Deep Elf Necromancer on June 26, 2023.
             Killed from afar by a dart slug (4 damage)
             ... with a slug dart
             ... on level 2 of the Dungeon.
             The game lasted 00:05:02 (1516 turns).

ketsa the Grave Robber (Deep Elf Necromancer)       Turns: 1516, Time: 00:05:03

Health: 0/20       AC:  3    Str:  5    XL:     3   Next: 85%
Magic:  4/10       EV: 12    Int: 21    God:
Gold:   74         SH:  0    Dex: 15    Spells: 6/10 levels left

rFire   . . .        n - +2 short sword (venom)
rCold   . . .        (no shield)
rNeg    . . .        a - +0 robe
rPois   .            o - +1 hat
rElec   .            (no cloak)
rCorr   .            (no gloves)
SInv    .            (no boots)
Will    .....        (no amulet)
Stlth   ++           (no ring)
HPRegen 0.23/turn    (no ring)
MPRegen 0.12/turn

%: no passive effects
@: no status effects
A: no striking features
a: no special abilities


You were on level 2 of the Dungeon.
You visited 1 branch of the dungeon, and saw 2 of its levels.

You collected 74 gold pieces.

Inventory:

Hand Weapons
 n - a +2 short sword of venom (weapon)
Missiles
 i - 3 atropa-tipped darts
 j - 5 poisoned darts
Armour
 a - a +0 robe (worn)
 o - a +1 hat (worn)
Scrolls
 c - 2 scrolls of noise {unknown}
 e - a scroll of enchant armour {unknown}
 f - a scroll of identify {unknown}
 h - 2 scrolls of brand weapon {unknown}
 l - 2 scrolls of poison {unknown}
Potions
 b - a potion of magic
 d - 2 potions of ambrosia {unknown}
 g - 2 potions of mutation {unknown}
 k - 3 potions of attraction {unknown}
 m - a potion of resistance {unknown}
 p - a potion of might {unknown}
 q - a potion of haste {unknown}


   Skills:
 + Level 1.5 Fighting
 - Level 2.4 Dodging
 - Level 2.4 Stealth
 + Level 4.1 Spellcasting
 + Level 5.5 Necromancy


You had 6 spell levels left.
You knew the following spells:

 Your Spells              Type           Power      Damage    Failure   Level
a - Necrotise             Necr           100%       1d9       1%          1
b - Vampiric Draining     Necr           27%        2d7       3%          3

Your spell library contained the following spells:

 Spells                   Type           Power      Damage    Failure   Level
 Animate Dead             Necr           27%        N/A       12%         4
 Inner Flame              Hex/Fire       4%         N/A       34%         3
 Agony                    Necr           27%        N/A       34%         5
 Flame Wave               Conj/Fire      4%         2d5       75%         4
 Sticky Flame             Conj/Fire      4%         2d3       75%         4


Dungeon Overview and Level Annotations

Branches:
Dungeon (2/15)

Altars:
Cheibriados

Shops:
D:1 [


Message History

Casting: Necrotise (safe; 1% risk of failure)
Confirm with . or Enter, or press ? or * to list all spells.
Aiming: Necrotise (safe; 1% risk of failure)
Press: ? - help, Shift-Dir - straight line, f/p - dart slug
Aim: a dart slug (ally target, chance to affect: 93%)
The dart slug writhes in agony!
The dart slug launches a dart at you. The slug dart hits you.
* * * LOW HITPOINT WARNING * * *
You swap places.
The dart slug launches a dart at you. The slug dart hits your gnoll skeleton.
An adder comes into view.
The adder hisses angrily.
Casting: Necrotise (safe; 1% risk of failure)
Confirm with . or Enter, or press ? or * to list all spells.
Aiming: Necrotise (safe; 1% risk of failure)
Press: ? - help, Shift-Dir - straight line, f - adder
Aim: an adder (chance to affect: 88%)
The adder writhes in agony.
Casting: Necrotise (safe; 1% risk of failure)
Confirm with . or Enter, or press ? or * to list all spells.
Aiming: Necrotise (safe; 1% risk of failure)
Press: ? - help, Shift-Dir - straight line, f/p - adder
Aim: an adder (moderately wounded, chance to affect: 88%)
The adder writhes in agony.
The adder bites you.
* * * LOW HITPOINT WARNING * * *
Casting: Necrotise (safe; 1% risk of failure)
Confirm with . or Enter, or press ? or * to list all spells.
Aiming: Necrotise (safe; 1% risk of failure)
Press: ? - help, Shift-Dir - straight line, f/p - adder
Aim: an adder (severely wounded, chance to affect: 88%)
The adder writhes in agony!
You kill the adder!
The dead are slithering!
The dart slug bites your adder skeleton.
The dart slug launches a dart at you.
The slug dart misses your adder skeleton.
The slug dart hits you.
You die...

######.....# .#
#......# #......# g
#....#..#.# ...
...#####...#####
#...#######.#wZ...#
##.#
#..<).....#####w#....#
####...####...Z...#
w.........@.#####.#
###....#.#### .#
#..####... # (..# ###
.###


You could see a dart slug (ally target) and a friendly adder skeleton.

Vanquished Creatures
  An adder (D:2)
  A gnoll (D:2)
  2 worms (D:2)
  A dart slug (D:1)
  2 bats (D:1)
  3 endoplasms (D:1)
  A giant cockroach (D:2)
  3 goblins (D:1)
  5 jackals
  6 kobolds
  A quokka (D:2)
  A frilled lizard (D:2)
  2 rats
29 creatures vanquished.

Vanquished Creatures (collateral kills)
  A hobgoblin (D:2)
  A jackal (D:1)
2 creatures vanquished.

Grand Total: 31 creatures vanquished

Notes
Turn   | Place    | Note
-------+----------+-------------------------------------------
     0 | D:1      | ketsa the Deep Elf Necromancer began the quest for the Orb.
     0 | D:1      | Reached XP level 1. HP: 10/10 MP: 6/6
   163 | D:1      | Reached skill level 5 in Necromancy
   178 | D:1      | Reached XP level 2. HP: 16/16 MP: 6/8
   426 | D:1      | Found Dynaeshre's Antique Armour Boutique.
   466 | D:1      | Reached skill level 1 in Fighting
  1154 | D:2      | Reached XP level 3. HP: 20/20 MP: 3/10
  1403 | D:2      | Found a snail-covered altar of Cheibriados.
  1478 | D:2      | Learned a level 3 spell: Vampiric Draining
  1516 | D:2      | Killed from afar by a dart slug

Illustrated notes

Levels and vault maps discovered:
D:1:      heliophobic_arrival_dark_side_of_the_moon, layout_basic, serial_shops,
          nicolae_shop_back_alley_shop
D:2:      layout_rooms, basic_altar, minmay_cupped

Skill      XL: |  1  2  3 |
---------------+----------+-----
Necromancy     | 5 |  5.5
Fighting       | 1 |  1.5
Spellcasting   | 4 |  4.1
Dodging        | |  2.4
Stealth        | |  2.4

Action                     || total
---------------------------++-------
  Melee: Unarmed           ||     3
   Cast: Necrotise         ||    59
 Armour: Robe              ||     2
  Dodge: Dodged            ||    11

Table legend: (Time is in decaauts)
 A = Elapsed time spent in this place.
 B = Non-inter-level travel time spent in this place.
 C = Inter-level travel time spent in this place.
 D = Time resting spent in this place.
 E = Time spent auto-exploring this place.
 F = Levels seen in this place.
 G = Mean time per level.
                   A        B        C        D        E       F      G
               +--------+--------+--------+--------+--------+-----+--------+
         Total |   1515 |   1441 |     74 |    263 |    781 |   2 |  757.5 |
       Dungeon |   1515 |   1441 |     74 |    263 |    781 |   2 |  757.5 |
               +--------+--------+--------+--------+--------+-----+--------+

Top non-repeatable levels by time:
     D:1: 1146 daAuts
     D:2: 368 daAuts
